 Dungeon Crawl Stone Soup version 0.27-a0-668-gb5737ff2c0 (webtiles) character file.

Game seed: 2129193339116311033

23 theanonym the Sneak (level 2, -10/24 HPs)
             Began as a Mummy Delver on Mar 17, 2021.
             Was an Initiate of Yredelemnul.
             Killed from afar by an orc wizard (12 damage)
             ... with a puff of flame
             ... on level 5 of the Dungeon.
             The game lasted 00:01:17 (595 turns).

theanonym the Sneak (Mummy Delver)                   Turns: 595, Time: 00:01:18

Health: -10/24     AC:  3    Str: 15    XL:     2   Next: 75%
Magic:  2/2        EV: 11    Int:  9    God:    Yredelemnul [......]
Gold:   9          SH:  0    Dex: 13    Spells: 1/1 levels left

rFire    x . .     SeeInvis .   i - +3 mace
rCold    + . .     Faith    .   (no shield)
rNeg     + + +     Spirit   .   b - +0 leather armour
rPois    ∞         Reflect  .   (no helmet)
rElec    .         Harm     .   (no cloak)
rCorr    .         Rampage  .   (no gloves)
Will     .....                  (no boots)
Stlth    ++........             (no amulet)
HPRegen  0.08/turn              (no ring)
MPRegen  0.08/turn              (no ring)

@: no status effects
A: cold resistance 1, negative energy resistance 3, torment resistance 2,
unbreathing 1, heat vulnerability 1, no potions
a: Renounce Religion


Innate Abilities, Weirdness & Mutations

You are immune to poison.
Your flesh is cold resistant. (rC+)
You are immune to negative energy. (rN+++)
You are immune to unholy pain and torment.
You can survive without breathing.
You are vulnerable to heat. (rF-)
You do not drink.


   Skills:
 - Level 3.0 Fighting
 + Level 2.7 Maces & Flails
 - Level 1.5 Dodging
 - Level 4.1 Stealth


You had one spell level left.
You didn't know any spells.
Your spell library contained the following spells:

 Spells                   Type           Power      Damage    Failure   Level
 Animate Skeleton         Necr           0%         N/A       45%         1
 Apportation              Tloc           0%         N/A       45%         1
 Corona                   Hex            0%         N/A       45%         1
 Sting                    Tmut/Pois      0%         1d3       45%         1
 Summon Small Mammal      Summ           0%         N/A       45%         1

Skill      XL: |  1 |
---------------+----+-----
Maces & Flails | 2 |  2.7
Fighting       | |  3.0
Dodging        | |  1.5
Stealth        | |  4.1

Action                   || total
-------------------------++-------
Melee: Mace              ||    11
  Use: Scroll            ||     1
Armor: Leather armour    ||     3
Dodge: Dodged            ||     6

Inventory:

Hand Weapons
 a - a +0 mace
 i - a +3 mace (weapon)
Armour
 b - a +0 leather armour (worn)
Jewellery
 e - an amulet of magic regeneration
Wands
 c - a wand of digging (3)
Scrolls
 d - a scroll of identify {unknown}
 f - a scroll of fog
 g - a scroll of teleportation {unknown}
 y - a scroll of magic mapping


You were on level 5 of the Dungeon.
You worshipped Yredelemnul.
Yredelemnul was noncommittal.
You visited 2 branches of the dungeon, and saw 3 of its levels.

You collected 9 gold pieces.

Dungeon Overview and Level Annotations

Branches:
Dungeon (5/15)             Temple (1/1) D:5

Altars:
Cheibriados
Dithmenos
Fedhas
Gozag
Makhleb
Nemelex Xobeh
Okawaru
Qazlal
Sif Muna
Trog
Uskayaw
Wu Jian
Xom
Yredelemnul
The Shining One

Annotations:
D:4 Dowan, Duvessa

#.# #####.#### #.#
.... # #.# ..... #
#.# #### #...... .
#.# ##..# #....o.
. #.# ##.._#
#o..... . #.#
##....##..so... #
#.# ##...###.B...
#.#####..@###....#
#....#...#∩#...#
#.##....###{.o#
#.##...###...##
#.##..##....##
#.######_).##
#......#..#
##########


There were no monsters in sight!

Notes
Turn   | Place    | Note
-------+----------+-------------------------------------------
     0 | D:5      | theanonym the Mummy Delver began the quest for the Orb.
     0 | D:5      | Reached XP level 1. HP: 18/18 MP: 1/1
    38 | D:5      | Found a stormy altar of Qazlal.
    46 | D:5      | Noticed a worker ant
   124 | D:5      | Found a shadowy altar of Dithmenos.
   158 | D:5      | Found a staircase to the Ecumenical Temple.
   164 | Temple   | Entered the Ecumenical Temple
   344 | Temple   | Became a worshipper of Yredelemnul the Dark
   364 | D:5      | Noticed an iguana
   397 | D:4      | Noticed Duvessa
   397 | D:4      | Noticed Dowan
   483 | D:5      | Noticed a worker ant
   538 | D:5      | Found a shimmering blue altar of Sif Muna.
   544 | D:5      | Identified Sif Muna's Handbook of Supportive Envenoming
   550 | D:5      | Found a bloodstained altar of Trog.
   550 | D:5      | Noticed a scorpion
   584 | D:5      | HP: 9/18 [worker ant (1)]
   586 | D:5      | Noticed an orc wizard
   589 | D:5      | Killed a worker ant
   590 | D:5      | Reached skill level 2 in Maces & Flails
   590 | D:5      | Reached XP level 2. HP: 13/24 MP: 2/2
   590 | D:5      | HP: 11/24 [orc/+0 falchion (2)]
   593 | D:5      | HP: 2/24 [orc/+0 falchion (5)]
   595 | D:5      | Killed from afar by an orc wizard

Vanquished Creatures
  A worker ant (D:5)
1 creature vanquished.

Table legend: (Time is in decaauts)
 A = Elapsed time spent in this place.
 B = Non-inter-level travel time spent in this place.
 C = Inter-level travel time spent in this place.
 D = Time resting spent in this place.
 E = Time spent auto-exploring this place.
 F = Levels seen in this place.
 G = Mean time per level.
                   A        B        C        D        E       F      G
               +--------+--------+--------+--------+--------+-----+--------+
         Total |    654 |    593 |     61 |      3 |    484 |   3 |  218.0 |
       Dungeon |    410 |    382 |     28 |      3 |    275 |   2 |  205.0 |
        Temple |    244 |    211 |     33 |      0 |    209 |   1 |  244.0 |
               +--------+--------+--------+--------+--------+-----+--------+

Top non-repeatable levels by time:
     D:5: 408 daAuts
  Temple: 244 daAuts
     D:4: 1 daAuts
